 Dungeon Sprint DCSS version 0.30.1-9-gdf580d7c3d (webtiles) character file.

Game seed: 16032039807575338767

196 Heoruswealwe the Spear-Bearer (level 5, -2/53 HPs)
             Began as a Minotaur Fighter on Oct 10, 2023.
             Slain by a two-headed ogre
             ... wielding a +0 dire flail
              (18 damage)
             ... in the Dungeon (Sprint IX: "|||||||||||||||||||||||||||||").
             The game lasted 00:01:26 (121 turns).

Heoruswealwe the Spear-Bearer (Minotaur Fighter)     Turns: 121, Time: 00:01:27

Health: -2/53      AC:  8    Str: 22    XL:     5   Next: 46%
Magic:  4/4        EV:  9    Int:  5    God:
Gold:   0          SH:  4    Dex: 10    Spells: 4/4 levels left

rFire   . . .        a - +0 trident
rCold   . . .        d - +0 buckler
rNeg    . . .        c - +0 scale mail
rPois   .            (helmet restricted)
rElec   .            (no cloak)
rCorr   .            (no gloves)
SInv    .            (no boots)
Will    .....        (no amulet) Stlth
                     (no ring)
HPRegen 0.28/turn    (no ring)
MPRegen 0.09/turn

%: no teleportation
@: no status effects
A: horns 2, retaliatory headbutt
a: no special abilities


You were in the Dungeon.
You visited 1 branch

Inventory:

Hand Weapons
 a - a +0 trident (weapon)
Armour
 c - a +0 scale mail (worn)
 d - a +0 buckler (worn)
Jewellery
 m - a +3 ring of dexterity
 n - a +2 ring of protection
Wands
 l - a wand of roots (10)
Scrolls
 j - 2 scrolls of blinking
 k - 2 scrolls of amnesia
Potions
 b - a potion of might
 e - 5 potions of curing
 f - a potion of invisibility
 g - a potion of haste
 h - 2 potions of heal wounds
 i - a potion of berserk rage


   Skills:
 + Level 7.7 Fighting
 * Level 9.9 Polearms
 + Level 7.7 Armour
 - Level 3.6 Shields


You had 4 spell levels left.
You didn't know any spells.
Your spell library was empty.

Dungeon Overview and Level Annotations

Branches:
Dungeon (1/1)

Altars:
Cheibriados
Dithmenos
Elyvilon
Fedhas
Gozag
Hepliaklqana
Kikubaaqudgha
Makhleb
Nemelex Xobeh
Okawaru
Qazlal
Ru
Sif Muna
Trog
Uskayaw
Vehumet
Wu Jian
Xom
Yredelemnul
Zin
The Shining One
Jiyva
Lugonu


Innate Abilities, Weirdness & Mutations

You have a pair of horns on your head.
You reflexively headbutt those who attack you in melee.


Message History

The vampire mosquito closely misses you.
You closely miss the vampire mosquito. You headbutt the vampire mosquito!
The vampire mosquito is moderately damaged.
The vampire mosquito bites you but does no damage. x2
You puncture the vampire mosquito!
The vampire mosquito is severely damaged.
The vampire mosquito bites you but does no damage.
You barely miss the vampire mosquito.
The vampire mosquito is severely damaged.
The vampire mosquito barely misses you. You furiously retaliate!
You headbutt the vampire mosquito, but do no damage.
The vampire mosquito bites you!
The vampire mosquito draws strength from your injuries!
You completely miss the vampire mosquito.
Your headbutt misses the vampire mosquito.
The vampire mosquito is heavily damaged.
The vampire mosquito bites you but does no damage.
The vampire mosquito closely misses you.
You hit the vampire mosquito. You headbutt the vampire mosquito.
The vampire mosquito is severely damaged.
The vampire mosquito bites you but does no damage. x2
You puncture the vampire mosquito!
You destroy the vampire mosquito!
Your Fighting skill increases to level 7!
Your Polearms skill gained 2 levels and is now at level 9!
Your Armour skill increases to level 7!
You have reached level 5!
You hit the two-headed ogre but do no damage.
You block the two-headed ogre's attack.
The two-headed ogre hits you with a +0 giant club.
You closely miss the two-headed ogre. You headbutt the two-headed ogre!
The two-headed ogre is lightly wounded.
The two-headed ogre barely misses you.
The two-headed ogre hits you with a +0 giant club!!
You puncture the two-headed ogre!
The two-headed ogre is moderately wounded.
You hit the two-headed ogre but do no damage.
The two-headed ogre is moderately wounded.
The two-headed ogre hits you with a +0 dire flail!!
You die... ▓▓▓▓▓▓▓▓▓▓▓▓▓▓▓▓▓▓▓▓▓▓▓▓ _______'!.).[[[.@OhyWT.. ▓▓▓▓▓▓▓▓▓▓▓▓▓▓▓▓▓▓▓▓▓▓▓▓

You could see a two-headed ogre, a troll, a wraith, a howler monkey and a killer bee.

Vanquished Creatures
  A vampire mosquito (D)
  A howler monkey (D)
  A sleepcap (D)
  An adder (D)
  An orc (D)
  A goblin (D)
  A kobold (D)
  A quokka (D)
  A bat (D)
  A frilled lizard (D)
  A rat (D)
11 creatures vanquished.

Notes
Turn   | Place    | Note
-------+----------+-------------------------------------------
     0 | D        | Heoruswealwe the Minotaur Fighter began the quest for the
                  | Orb.
     0 | D        | Reached XP level 1. HP: 19/19 MP: 0/0
     7 | D        | Reached skill level 3 in Polearms
    20 | D        | Noticed a howler monkey
    20 | D        | Noticed a sleepcap
    32 | D        | Killed a howler monkey
    33 | D        | Reached skill level 5 in Fighting
    33 | D        | Reached skill level 6 in Polearms
    33 | D        | Reached skill level 5 in Armour
    33 | D        | Reached XP level 2. HP: 26/29 MP: 1/1
    33 | D        | Reached XP level 3. HP: 32/36 MP: 2/2
    55 | D        | Reached skill level 7 in Polearms
    55 | D        | Reached XP level 4. HP: 33/44 MP: 3/3
    69 | D        | Found a snail-covered altar of Cheibriados.
    69 | D        | Found a shadowy altar of Dithmenos.
    69 | D        | Found a white marble altar of Elyvilon.
    69 | D        | Found a blossoming altar of Fedhas.
    69 | D        | Found an opulent altar of Gozag.
    70 | D        | Found a hazy altar of Hepliaklqana.
    71 | D        | Found a viscous altar of Jiyva.
    72 | D        | Found an ancient bone altar of Kikubaaqudgha.
    73 | D        | Found a corrupted altar of Lugonu.
    74 | D        | Found a burning altar of Makhleb.
    75 | D        | Found a sparkling altar of Nemelex Xobeh.
    76 | D        | Found an iron altar of Okawaru.
    77 | D        | Found a stormy altar of Qazlal.
    78 | D        | Found a sacrificial altar of Ru.
    79 | D        | Found a shimmering blue altar of Sif Muna.
    80 | D        | Found a bloodstained altar of Trog.
    81 | D        | Found a hide-covered altar of Uskayaw.
    82 | D        | Found a radiant altar of Vehumet.
    83 | D        | Found an ornate altar of the Wu Jian Council.
    84 | D        | Found a shimmering altar of Xom.
    85 | D        | Found a basalt altar of Yredelemnul.
    86 | D        | Found a glowing silver altar of Zin.
    87 | D        | Found a glowing golden altar of the Shining One.
   111 | D        | Noticed a vampire mosquito
   111 | D        | Noticed a two-headed ogre
   111 | D        | Noticed a wraith
   111 | D        | Noticed a troll
   117 | D        | Killed a vampire mosquito
   118 | D        | Reached skill level 9 in Polearms
   118 | D        | Reached XP level 5. HP: 46/53 MP: 4/4
   121 | D        | Slain by a two-headed ogre

Illustrated notes

Levels and vault maps discovered:
D:        linesprint [early_d, line_temple, items_1, d_10, items_2, lair_1,
          lair_end, items_3, orc_1, orc_end, items_4, d_15, swamp_1, shoals_1,
          snake_1, spider_1, d_20, vaults_1, items_5, swamp_end, shoals_end,
          snake_end, spider_end, vaults_end, d_27, items_6, zot_1, zot_end,
          crypt_end, forest_end, elf_end, slime_end, tomb_end, abyss_end,
          pan_hell_end]

Skill      XL: |  1  2  3  4 |
---------------+-------------+-----
Polearms       | 6 7 9 |  9.9
Fighting       | 5 6 7 |  7.7
Armour         | 5 6 7 |  7.7
Shields        | |  3.6

Action                     |  1- 3 |  4- 6 || total
---------------------------+-------+-------++-------
  Melee: Trident           |    42 |    14 ||    56
         Headbutt          |     4 |     3 ||     7
    Use: Potion            |     1 |       ||     1
 Armour: Scale mail        |    13 |     6 ||    19
  Dodge: Dodged            |    15 |     6 ||    21
  Block: Buckler           |     5 |     3 ||     8
